 Dungeon Crawl Stone Soup version 0.31-a0-152-g6aa68a64a1 (webtiles) character file.

Game seed: 3667074023590551205

2292 qw the Skirmisher (level 9, -7/79 HPs)
             Began as a Minotaur Hunter on June 9, 2023.
             Mangled by a wyvern (15 damage)
             ... on level 8 of the Dungeon.
             The game lasted 00:02:26 (6072 turns).

qw the Skirmisher (Minotaur Hunter)                 Turns: 6072, Time: 00:02:27

Health: -7/79      AC: 10    Str: 14    XL:     9   Next: 17%
Magic:  8/8        EV: 16    Int:  4    God:
Gold:   431        SH:  0    Dex: 32    Spells: 8/8 levels left

rFire   . . .        Y - +0 orcbow
rCold   . . .        (shield currently unavailable)
rNeg    . . .        d - +0 ring mail
rPois   .            (helmet unavailable)
rElec   .            (no cloak)
rCorr   .            c - +0 pair of gloves
SInv    .            e - +0 pair of boots
Will    .....        (no amulet)
Stlth   ++           k - +6 ring of dexterity
HPRegen 0.33/turn    (no ring)
MPRegen 0.11/turn

%: clarity
@: no status effects
A: horns 3, retaliatory headbutt, iridescent scales 1, agile 2, clarity
a: no special abilities


You were on level 8 of the Dungeon.
You visited 2 branches of the dungeon, and saw 9 of its levels.

You collected 431 gold pieces.


Innate Abilities, Weirdness & Mutations

You have a pair of large horns on your head.
You reflexively headbutt those who attack you in melee.
You are partially covered in iridescent scales. (AC +2)
You are very agile. (Dex +8, Str/Int -2)
You possess an exceptional clarity of mind.


   Skills:
 - Level 7.0 Fighting
 + Level 10.9 Ranged Weapons
 - Level 3.3 Armour
 - Level 6.0 Dodging
 - Level 0.7 Stealth


You had 8 spell levels left.
You didn't know any spells.
Your spell library was empty.

Inventory:

Hand Weapons
 Y - a +0 orcbow (weapon)
Armour
 a - the scarf "Duejur" {repulsion, Harm Rampage rF- rN++}
   (You acquired it on level 7 of the Dungeon)

   rF:        It makes you vulnerable to fire.
   rN:        It greatly protects you from negative energy.
   Harm:      It increases damage dealt and taken.
   Rampage:   It bestows one free step when moving towards enemies.
 c - a +0 pair of gloves (worn)
 d - a +0 ring mail (worn)
 e - a +0 pair of boots (worn)
Jewellery
 k - a +6 ring of dexterity (left hand)
Scrolls
 b - 2 scrolls of identify
Potions
 g - 3 potions of curing

Dungeon Overview and Level Annotations

Branches:
Dungeon (8/15)             Temple (1/1) D:7
   Lair: D:8-11

Altars:
Cheibriados
Dithmenos
Elyvilon
Gozag
Hepliaklqana
Makhleb
Nemelex Xobeh
Qazlal
Sif Muna
Uskayaw
Vehumet
Xom
Yredelemnul
Zin
The Shining One


Message History

The wyvern hisses angrily.
The wyvern bites you! The orc warrior closely misses you.
You shoot an arrow.
The arrow closely misses the orc warrior.
The wyvern barely misses you. x2; The orc warrior closely misses you.
You shoot an arrow.
The arrow hits the orc warrior but does no damage.
The wyvern bites you. The orc warrior completely misses you.
The wyvern bites you!
You shoot an arrow. The arrow hits the orc warrior.
The orc warrior is lightly wounded.
The wyvern barely misses you. The wyvern misses you.
The orc warrior hits you with a +0 mace.
You shoot an arrow. The arrow hits the orc warrior!
The orc warrior is moderately wounded.
The wyvern closely misses you. You furiously retaliate!
You headbutt the wyvern, but do no damage.
The wyvern bites you. The orc warrior completely misses you.
The wyvern misses you. You furiously retaliate!
You headbutt the wyvern! The wyvern completely misses you.
You furiously retaliate!
You headbutt the wyvern! You shoot an arrow.
The arrow hits the orc warrior but does no damage.
The orc warrior is moderately wounded.
The wyvern bites you. The wyvern completely misses you.
The orc warrior hits you with a +0 mace.
The wyvern bites you.
You shoot an arrow. The arrow hits the orc warrior!
The orc warrior is severely wounded.
The wyvern misses you.
The orc warrior hits you with a +0 mace.
The wyvern hisses menacingly.
The wyvern bites you. The wyvern barely misses you.
You shoot an arrow. The arrow hits the orc warrior!
The orc warrior is almost dead.
The wyvern closely misses you.
The wyvern bites you but does no damage.
The orc warrior hits you with a +0 mace!
The wyvern bites you!
You die...

....#....##....##
....#......###.#
...##.....# #.##
...# .....# ##.#
.... #..#. #.##
## .... #.. #..#
#..# #.. ..
##.##..... #
#.......# ..
#@o....## ..#
#..ll....# .##
...##..)...# .#
.... ......## ##
... !....(.. # .#
.........#
........#.
......#.#.


You could see an orc warrior and 2 wyverns.

Vanquished Creatures
  An orc warrior (D:8)
  3 ice beasts
  3 black bears
  A centaur (D:5)
  3 kobold brigands
  2 phantoms
  3 bullfrogs
  2 scorpions (D:6)
  4 killer bees (D:8)
  3 howler monkeys
  2 jellies
  A gnoll bouda (D:7)
  3 orc priests
  2 hounds
  2 iguanas
  3 orc wizards (D:5)
  2 adders
  10 gnolls
  A shadow imp (D:6)
  A white imp (D:8)
  2 ufetubi (D:7)
  2 worms
  2 dart slugs
  18 orcs
  6 endoplasms
  A giant cockroach (D:1)
  10 goblins
  4 hobgoblins
  4 jackals
  34 kobolds
  5 quokkas
  5 ball pythons
  7 bats
  2 frilled lizards
  7 rats
161 creatures vanquished.

Notes
Turn   | Place    | Note
-------+----------+-------------------------------------------
     0 | D:1      | qw the Minotaur Hunter began the quest for the Orb.
     0 | D:1      | Reached XP level 1. HP: 18/18 MP: 0/0
     0 | D:1      | 0 ||| qw: Version: 0.2-a-122-gbc61b45
     0 | D:1      | 0 ||| qw: Game counter: 3385
     0 | D:1      | 0 ||| qw: Always use a shield: true
     0 | D:1      | 0 ||| qw: God list: Okawaru
     0 | D:1      | 0 ||| qw: Allow faded altars: false
     0 | D:1      | 0 ||| qw: Do Orc after D:15 true
     0 | D:1      | 0 ||| qw: Do second Lair branch before Depths: true
     0 | D:1      | 0 ||| qw: Lair rune preference: random
     0 | D:1      | 0 ||| qw: Plans: Normal
     0 | D:1      | 0 ||| PLANNING D:1-11
   104 | D:1      | Reached XP level 2. HP: 25/25 MP: 1/1
   162 | D:1      | Reached skill level 5 in Ranged Weapons
   235 | D:1      | Reached skill level 3 in Fighting
   442 | D:1      | 442 ||| READING scroll labelled PAUHOEPPIX.
   443 | D:1      | 443 ||| READING scroll labelled VASHAN HUKOALOYP.
   447 | D:1      | 447 ||| DROPPING scroll of butterflies.
   530 | D:2      | Reached XP level 3. HP: 22/31 MP: 2/2
   582 | D:2      | 582 ||| READING scroll of enchant weapon.
   582 | D:2      | 582 ||| ENCHANTING +1 shortbow.
  1105 | D:2      | 1105 ||| READING scroll labelled GELEUK JUAN.
  1106 | D:2      | 1106 ||| READING scroll labelled ABROLUKUAS.
  1107 | D:2      | 1107 ||| READING scroll labelled MIALAUM YRYE.
  1108 | D:2      | 1108 ||| READING scroll labelled MIMIRU OKHIMAT.
  1109 | D:2      | 1109 ||| DRINKING 2 fizzy red potions.
  1109 | D:2      | Gained mutation: You sometimes lose your temper in combat.
                  | [potion of mutation]
  1109 | D:2      | Gained mutation: You have a pair of large horns on your
                  | head. [potion of mutation]
  1110 | D:2      | 1110 ||| DRINKING potion of mutation.
  1110 | D:2      | Lost mutation: You sometimes lose your temper in combat.
                  | [potion of mutation]
  1110 | D:2      | Lost mutation: You have a pair of large horns on your head.
                  | [potion of mutation]
  1110 | D:2      | Gained mutation: You are frail. (-10% HP) [potion of
                  | mutation]
  1110 | D:2      | Gained mutation: You are partially covered in iridescent
                  | scales. (AC +2) [potion of mutation]
  1110 | D:2      | Gained mutation: You are agile. (Dex +4, Str/Int -1)
                  | [potion of mutation]
  1111 | D:2      | 1111 ||| DRINKING 2 green potions.
  1143 | D:3      | 1143 ||| STAIRDANCE
  1203 | D:3      | Reached XP level 4. HP: 34/34 MP: 3/3
  1206 | D:3      | Identified the +1 spear of the Warrior-Mage {distort,
                  | +Blink rN+ Stlth+}
  1286 | D:3      | Reached skill level 6 in Ranged Weapons
  1377 | D:3      | Found a faded altar of an unknown god.
  1575 | D:3      | 1575 ||| READING 2 scrolls of identify.
  1575 | D:3      | 1575 ||| IDENTIFYING cyan potion
  1805 | D:4      | Noticed a black bear
  1815 | D:4      | Killed a black bear
  1816 | D:4      | Reached XP level 5. HP: 30/43 MP: 4/4
  2172 | D:4      | 2172 ||| DRINKING potion of mutation.
  2172 | D:4      | Lost mutation: You are partially covered in iridescent
                  | scales. (AC +2) [potion of mutation]
  2172 | D:4      | Lost mutation: You are frail. (-10% HP) [potion of
                  | mutation]
  2172 | D:4      | Gained mutation: You are partially covered in iridescent
                  | scales. (AC +2) [potion of mutation]
  2172 | D:4      | Gained mutation: You have hidden genetic potential. [potion
                  | of mutation]
  2172 | D:4      | Gained mutation: You possess an exceptional clarity of
                  | mind. [potion of mutation]
  2413 | D:4      | 2413 ||| UPGRADING to +6 ring of dexterity.
  2414 | D:4      | 2414 ||| READING scroll labelled RIFEOQ QELEY.
  2415 | D:4      | 2415 ||| READING scroll labelled ROMOYR DYIMP.
  2427 | D:5      | Entered Level 5 of the Dungeon
  2431 | D:5      | 2431 ||| STAIRDANCE
  2435 | D:4      | Reached skill level 3 in Dodging
  2628 | D:5      | Noticed a phantom
  2630 | D:5      | Reached XP level 6. HP: 56/56 MP: 5/5
  2650 | D:5      | Reached skill level 7 in Ranged Weapons
  2656 | D:5      | Gained mutation: You have a pair of large horns on your
                  | head. [hidden potential]
  2804 | D:5      | Reached XP level 7. HP: 43/61 MP: 6/6
  2807 | D:5      | 2807 ||| FLEEEEING.
  2812 | D:5      | 2812 ||| FLEEEEING.
  2813 | D:5      | 2813 ||| FLEEEEING.
  2814 | D:5      | 2814 ||| FLEEEEING.
  2815 | D:5      | 2815 ||| FLEEEEING.
  2816 | D:5      | 2816 ||| FLEEEEING.
  2817 | D:5      | 2817 ||| FLEEEEING.
  2818 | D:5      | 2818 ||| FLEEEEING.
  2819 | D:5      | 2819 ||| FLEEEEING.
  2820 | D:5      | 2820 ||| FLEEEEING.
  2821 | D:5      | 2821 ||| FLEEEEING.
  2822 | D:5      | 2822 ||| FLEEEEING.
  2823 | D:5      | 2823 ||| FLEEEEING.
  2824 | D:5      | 2824 ||| FLEEEEING.
  2835 | D:5      | Reached skill level 8 in Ranged Weapons
  2841 | D:5      | Gained mutation: You are very agile. (Dex +8, Str/Int -2)
                  | [hidden potential]
  2841 | D:5      | Lost mutation: You have hidden genetic potential. [hidden
                  | potential expressed]
  3028 | D:5      | 3028 ||| Stepping ~*~*~tactically~*~*~ (outnumbered).
  3030 | D:5      | 3030 ||| Stepping ~*~*~tactically~*~*~ (outnumbered).
  3032 | D:5      | 3032 ||| Stepping ~*~*~tactically~*~*~ (outnumbered).
  3051 | D:5      | 3051 ||| SWAPPING to +0 orcbow.
  3055 | D:5      | 3055 ||| Stepping ~*~*~tactically~*~*~ (outnumbered).
  3060 | D:5      | 3060 ||| Stepping ~*~*~tactically~*~*~ (outnumbered).
  3061 | D:5      | 3061 ||| Stepping ~*~*~tactically~*~*~ (outnumbered).
  3063 | D:5      | Reached skill level 1 in Armour
  3063 | D:5      | 3063 ||| Stepping ~*~*~tactically~*~*~ (outnumbered).
  3069 | D:5      | 3069 ||| Stepping ~*~*~tactically~*~*~ (outnumbered).
  3077 | D:5      | HP: 11/61 [kobold/+2 whip of electrocution (12)]
  3078 | D:5      | 3078 ||| READING scroll of teleportation.
  3079 | D:5      | 3079 ||| DRINKING potion of heal wounds.
  3106 | D:5      | 3106 ||| FLEEEEING.
  3107 | D:5      | 3107 ||| FLEEEEING.
  3108 | D:5      | 3108 ||| FLEEEEING.
  3109 | D:5      | 3109 ||| FLEEEEING.
  3110 | D:5      | 3110 ||| FLEEEEING.
  3111 | D:5      | 3111 ||| STAIRDANCE
  3181 | D:4      | 3181 ||| DROPPING +2 shortbow.
  3182 | D:4      | 3182 ||| DRINKING 2 ruby potions.
  3183 | D:4      | 3183 ||| DRINKING 2 fizzy green potions.
  3288 | D:4      | 3288 ||| READING 2 scrolls of identify.
  3288 | D:4      | 3288 ||| IDENTIFYING blue potion
  3289 | D:4      | 3289 ||| DROPPING potion of enlightenment.
  3290 | D:4      | 3290 ||| DROPPING potion of magic.
  3291 | D:4      | 3291 ||| DROPPING potion of berserk rage.
  3411 | D:5      | 3411 ||| Stepping ~*~*~tactically~*~*~ (outnumbered).
  3426 | D:5      | 3426 ||| Stepping ~*~*~tactically~*~*~ (outnumbered).
  3447 | D:5      | 3447 ||| FLEEEEING.
  3448 | D:5      | 3448 ||| FLEEEEING.
  3449 | D:5      | 3449 ||| FLEEEEING.
  3450 | D:5      | 3450 ||| FLEEEEING.
  3451 | D:5      | 3451 ||| FLEEEEING.
  3452 | D:5      | 3452 ||| FLEEEEING.
  3453 | D:5      | 3453 ||| FLEEEEING.
  3454 | D:5      | 3454 ||| FLEEEEING.
  3461 | D:5      | 3461 ||| FLEEEEING.
  3462 | D:5      | 3462 ||| FLEEEEING.
  3463 | D:5      | 3463 ||| FLEEEEING.
  3464 | D:5      | 3464 ||| FLEEEEING.
  3465 | D:5      | 3465 ||| FLEEEEING.
  3466 | D:5      | 3466 ||| FLEEEEING.
  3467 | D:5      | 3467 ||| FLEEEEING.
  3473 | D:5      | 3473 ||| FLEEEEING.
  3474 | D:5      | 3474 ||| FLEEEEING.
  3475 | D:5      | 3475 ||| FLEEEEING.
  3481 | D:5      | 3481 ||| FLEEEEING.
  3482 | D:5      | 3482 ||| FLEEEEING.
  3483 | D:5      | 3483 ||| FLEEEEING.
  3484 | D:5      | 3484 ||| FLEEEEING.
  3485 | D:5      | 3485 ||| FLEEEEING.
  3486 | D:5      | 3486 ||| FLEEEEING.
  3487 | D:5      | 3487 ||| FLEEEEING.
  3489 | D:5      | 3489 ||| FLEEEEING.
  3810 | D:5      | 3810 ||| UPGRADING to +0 ring mail.
  3820 | D:5      | 3820 ||| DROPPING +0 leather armour.
  3821 | D:5      | 3821 ||| DROPPING amulet of magic regeneration.
  3822 | D:5      | 3822 ||| READING 2 scrolls of identify.
  3822 | D:5      | 3822 ||| IDENTIFYING smoky dark potion
  3823 | D:5      | 3823 ||| DROPPING potion of lignification.
  3934 | D:6      | Reached skill level 9 in Ranged Weapons
  3934 | D:6      | Reached XP level 8. HP: 60/68 MP: 7/7
  4218 | D:6      | Reached skill level 6 in Fighting
  4552 | D:6      | 4552 ||| UPGRADING to +0 pair of gloves.
  4557 | D:6      | 4557 ||| READING scroll labelled DUMOLIERH ELOT.
  4558 | D:6      | 4558 ||| READING 2 scrolls labelled SEOD SYX BUEK.
  4559 | D:6      | 4559 ||| DROPPING scroll of fear.
  4561 | D:6      | 4561 ||| Stepping ~*~*~tactically~*~*~ (cloud).
  4692 | D:7      | Found a staircase to the Ecumenical Temple.
  4693 | D:7      | 4693 ||| PLANNING TEMPLE
  4693 | D:7      | 4693 ||| STAIRDANCE
  4701 | Temple   | Entered the Ecumenical Temple
  4856 | Temple   | 4856 ||| PLANNING D:1-11
  4934 | D:7      | 4934 ||| Stepping ~*~*~tactically~*~*~ (outnumbered).
  4940 | D:7      | Reached skill level 10 in Ranged Weapons
  5415 | D:7      | Reached skill level 6 in Dodging
  5819 | D:7      | 5819 ||| UPGRADING to +0 pair of boots.
  5824 | D:7      | 5824 ||| DROPPING ring of flight.
  5825 | D:7      | 5825 ||| READING scroll labelled WESUNNE OCOHUX ROO.
  5825 | D:7      | Identified a scroll of acquirement
  5825 | D:7      | 5825 ||| ACQUIRING scarf "Duejur" {repulsion, Harm Rampage
                  | rF- rN++}
  5825 | D:7      | Acquired the scarf "Duejur" {repulsion, Harm Rampage rF-
                  | rN++}
  5870 | D:8      | Reached skill level 3 in Armour
  5881 | D:8      | Reached XP level 9. HP: 79/79 MP: 8/8
  6071 | D:8      | HP: 19/79 [wyvern (1)]
  6072 | D:8      | HP: 8/79 [orc warrior/+0 mace (11)]
  6072 | D:8      | Mangled by a wyvern

Levels and vault maps discovered:
D:1:      mrwooster_arrival_statue_2, layout_rooms
D:2:      layout_loops_ring
D:3:      layout_basic, ebering_ecumenical_altar_mist,
          kennysheep_generic_room_10
D:4:      layout_gridville, grunt_decor_one_mirror,
          eino_small_chamber_without_monster, minmay_fountain_box,
          minmay_strange_pillars, minmay_statues_item
D:5:      kennysheep_kobold_camp, layout_loops_ring
D:6:      layout_basic, hangedman_decor_points
D:7:      layout_loops_corners, minmay_temple_entry_overgrown
D:8:      layout_layer_cave, minmay_circle_x
Temple:   nicolae_temple_bog_church

Skill      XL: |  1  2  3  4  5  6  7  8 |
---------------+-------------------------+-----
Ranged Weapons | 5 6 7 9 10 | 10.9
Fighting       | 3 5 7 |  7.0
Dodging        | 3 4 5 6 |  6.0
Armour         | 1 3 |  3.3
Stealth        | |  0.7

Action                     |  1- 3 |  4- 6 |  7- 9 || total
---------------------------+-------+-------+-------++-------
   Fire: Shortbow          |   130 |    84 |    19 ||   233
         Orcbow            |       |       |   240 ||   240
    Use: Scroll            |     7 |     3 |     6 ||    16
         Potion            |     3 |     1 |     3 ||     7
 Armour: Leather armour    |    21 |     7 |    15 ||    43
         Ring mail         |       |       |    25 ||    25
  Dodge: Dodged            |    34 |    27 |   109 ||   170

Table legend:
 A = Non-vault XP
 B = Vault XP
 C = Vault XP percentage of total XP
 D = Non-vault monster count
 E = Vault monster count
 F = Vault count percentage of total count
                 A         B        C        D         E       F
            +---------+---------+-------+---------+---------+-------
      Total |    3000 |     275 |   8.4 |     136 |      25 |  15.5
            +---------+---------+-------+---------+---------+-------
        D:1 |      33 |       0 |   0.0 |      18 |       0 |   0.0
        D:2 |      48 |       0 |   0.0 |      25 |       0 |   0.0
        D:3 |      26 |       3 |  10.3 |      13 |       2 |  13.3
        D:4 |     220 |       0 |   0.0 |      10 |       0 |   0.0
        D:5 |     737 |     133 |  15.3 |      19 |      21 |  52.5
        D:6 |     715 |       0 |   0.0 |      12 |       0 |   0.0
        D:7 |     746 |       0 |   0.0 |      32 |       0 |   0.0
        D:8 |     475 |     139 |  22.6 |       7 |       2 |  22.2
            +---------+---------+-------+---------+---------+-------
